 Dungeon Crawl Stone Soup version 0.29.1-2-gbd0b4ee654 (webtiles) character file.

Game seed: 678303979954908131

43 tizbic2 the Trooper (level 3, -1/20 HPs)
             Began as a Vine Stalker Fighter on Nov 4, 2022.
             Succumbed to an adder's poison
             ... on level 2 of the Dungeon.
             The game lasted 00:03:29 (882 turns).

tizbic2 the Trooper (Vine Stalker Fighter)           Turns: 882, Time: 00:03:29

Health: -1/20      AC:  6    Str: 18    XL:     3   Next: 58%
Magic:  5/5        EV:  9    Int: 10    God:
Gold:   15         SH:  4    Dex: 13    Spells: 4/4 levels left

rFire   . . .      SeeInvis .   a - +0 war axe
rCold   + . .      Faith    .   c - +0 buckler
rNeg    . . .      Spirit   +   b - +0 scale mail
rPois   .          Reflect  .   (no helmet)
rElec   .          Harm     .   (no cloak)
rCorr   .          Rampage  .   (no gloves)
Will    .....                   (no boots)
Stlth   ..........              (no amulet)
HPRegen 0.06/turn               h - ring of protection from cold
MPRegen 0.09/turn               (no ring)

@: lethally poisoned (-1 -> -7)
A: fangs 2, magic shield, antimagic bite, no potion heal 2
a: no special abilities


You were on level 2 of the Dungeon.
You visited 1 branch of the dungeon, and saw 2 of its levels.

You collected 15 gold pieces.

Inventory:

Hand Weapons
 a - a +0 war axe (weapon)
Armour
 b - a +0 scale mail (worn)
 c - a +0 buckler (worn)
Magical Staves
 g - a staff of poison
Jewellery
 h - a ring of protection from cold (left hand)
Scrolls
 f - a scroll of brand weapon {unknown}
 i - a scroll of identify {unknown}
 j - a scroll of magic mapping {unknown}
 k - a scroll of teleportation {unknown}
 l - a scroll of amnesia {unknown}
Potions
 d - a potion of might
 e - a potion of heal wounds


   Skills:
 * Level 3.2 Fighting
 + Level 2.1 Axes
 + Level 2.6 Armour
 + Level 2.9 Shields
 + Level 1.1 Spellcasting


You had 4 spell levels left.
You didn't know any spells.
Your spell library was empty.

Dungeon Overview and Level Annotations

Branches:
Dungeon (2/15)

Altars:


Innate Abilities, Weirdness & Mutations

You have extremely sharp teeth.
When hurt, damage is shared between your health and your magic reserves.
Your bite disrupts and absorbs the magic of your enemies.
Potions cannot restore your health.


Message History

You block the bat's attack. The bat hits you but does no damage.
You miss the adder. You closely miss the bat.
The bat hits you but does no damage. The adder bites you.
The bat hits you but does no damage. The adder barely misses you.
You hit the adder but do no damage. You miss the bat.
The bat closely misses you. The adder closely misses you. x2
The bat barely misses you.
You closely miss the adder. You slash the bat!
You kill the bat!
The adder bites you.
You are poisoned.
The adder poisons you! The adder bites you but does no damage.
You hit the adder.
The adder is heavily wounded.
You feel sick. The adder bites you. x2
You hit the adder but do no damage. Your bite misses the adder.
The adder is heavily wounded.
You feel sick. The adder bites you.
You are more poisoned.
The adder poisons you! The adder bites you but does no damage.
You hit the adder but do no damage.
The adder is heavily wounded.
You feel sick. You block the adder's attack. x2
You miss the adder. Your bite misses the adder.
The adder is heavily wounded.
You feel sick. The adder bites you but does no damage. The adder bites you.
* * * LOW HITPOINT WARNING * * *
You are lethally poisoned!
The adder poisons you!
It was a potion of heal wounds.
That seemed strangely inert.
* * * LOW HITPOINT WARNING * * *
You feel sick. The adder bites you but does no damage.
You miss the adder. Your bite misses the adder.
The adder is heavily wounded.
* * * LOW HITPOINT WARNING * * *
You feel sick.
The adder bites you but does no damage. x2
You barely miss the adder. You bite the adder. You drain its power.
You feel invigorated.
The adder is severely wounded.
You die...

....# #......#..
....###.........
...............
#...........##.
######.............
#.................#
#....)..........#
#.##.<#..........
#.##..@......#
#.##..S!.....#
#)###......!## #.#
.........#
..##..........
####..........
#.........#
#....=....#


You could see an adder.

Vanquished Creatures
  An adder (D:2)
  3 dart slugs (D:1)
  3 ball pythons
  2 bats
  2 endoplasms
  2 hobgoblins (D:1)
  2 jackals (D:1)
  4 frilled lizards (D:1)
  5 goblins
  4 kobolds
28 creatures vanquished.

Notes
Turn   | Place    | Note
-------+----------+-------------------------------------------
     0 | D:1      | tizbic2 the Vine Stalker Fighter began the quest for the
                  | Orb.
     0 | D:1      | Reached XP level 1. HP: 11/11 MP: 2/2
   301 | D:1      | Reached XP level 2. HP: 16/16 MP: 1/3
   449 | D:1      | Reached skill level 3 in Fighting
   656 | D:1      | Reached XP level 3. HP: 20/20 MP: 5/5
   853 | D:2      | Reached skill level 1 in Spellcasting
   881 | D:2      | HP: 1/20 [poisoned by an adder]
   882 | D:2      | Succumbed to an adder's poison

Illustrated notes

Levels and vault maps discovered:
D:1:      lemuel_arrival_rhombus, layout_loops_ring, kennysheep_flooded_box
D:2:      layout_rooms, hellmonk_ecumenical_altar_dog_temple, uniq_sigmund

Skill      XL: |  1  2  3 |
---------------+----------+-----
Fighting       | 3 |  3.2
Axes           | 2 |  2.1
Spellcasting   | 1 |  1.1
Armour         | |  2.6
Shields        | |  2.9

Action                   || total
-------------------------++-------
Melee: War axe           ||    66
       Bite              ||    14
  Use: Potion            ||     1
Armor: Scale mail        ||    33
Dodge: Dodged            ||    22
Block: Buckler           ||    20
